AoeStats
← Rebi69

Arabian Desert

508855077Analyzed
1v1 RM · 7d ago on Sep 24, 2026· 35m 24s· 2 players
Game mode
Random Map
Map size
Tiny (2 player)
Population
200
Speed
Normal
Resources
Standard
Victory
Conquest
Starting age
Dark Age
Ending age
Imperial Age
RankedLock teamsTeams togetherTeam positionsShared explorationLock speedFull tech treeHidden civsTurbo modeCheats
Victory
Defeat
🇫🇷 Berbers · France
1132
+15
🇦🇷 Vietnamese · Argentina
1113
-15
EGIRR
6:35 Loom
8:57 Feudal Age
21:19 Castle Age
19:41 Double-Bit Axe
19:42 Horse Collar
21:00 Fletching
21:16 Padded Archer Armor
23:17 Crossbowman
25:45 Bodkin Arrow
26:05 Leather Archer Armor
27:36 Bow Saw
29:56 Thumb Ring
33:36 Wheelbarrow
32:59 Gold Mining
32:59 Stone Mining
33:49 Town Watch
34:19 Hand Cart
34:35 Ballistics
35:26 Stone Shaft Mining
Rebi69
7:51 Loom
10:54 Feudal Age
11:42 Double-Bit Axe
13:45 Horse Collar
16:20 Scale Barding Armor
21:09 Castle Age
21:40 Bloodlines
21:46 Forging
21:56 Husbandry
22:40 Heavy Plow
28:26 Wheelbarrow
31:11 Chain Barding Armor
31:58 Iron Casting
32:22 Fervor
32:05 Town Watch
33:07 Bow Saw
34:11 Hand Cart
34:45 Fletching
35:05 Gold Mining
Connection lost

Rejoining the realm…

Still unreachable

The connection could not be restored.

Session expired

The server has moved on; the page needs a fresh start.